 Dungeon Crawl Stone Soup version 0.23-a0-577-g2b1de944cd (webtiles) character file.

1736 SlashClash the Basher (level 8, -34/71 HPs)
             Began as a Minotaur Berserker on Dec 14, 2018.
             Was a Believer of Trog.
             Killed from afar by a quasit (36 damage)
             ... with an exploding inner flame
             ... hexed by the player character
             ... on level 7 of the Dungeon.
             The game lasted 00:39:02 (4257 turns).

SlashClash the Basher (Minotaur Berserker)          Turns: 4257, Time: 00:39:02

Health: -34/71     AC: 15    Str: 22      XL:     8   Next: 76%
Magic:  7/7        EV:  9    Int:  4      God:    Trog [**....]
Gold:   254        SH:  0    Dex:  9 (12) Spells: 7/7 levels left

rFire    . . .     SeeInvis .   a - +2 mace
rCold    . . .     Gourm    .   (no shield)
rNeg     . . .     Faith    .   J - +1 chain mail
rPois    .         Spirit   .   (helmet restricted)
rElec    .         Reflect  .   (no cloak)
rCorr    .         Harm     .   y - +0 pair of gloves
MR       .....                  O - +1 pair of boots
Stlth    ..........             (no amulet)
HPRegen  0.21/turn              (no ring)
MPRegen  0.10/turn              (no ring)

@: about to teleport, fainting, hasted, very quick
A: retaliatory headbutt, horns 2
a: Berserk, Trog's Hand, Renounce Religion


You were on level 7 of the Dungeon.
You worshipped Trog.
Trog was pleased with you.
You were fainting.

You visited 2 branches of the dungeon, and saw 8 of its levels.

You collected 254 gold pieces.

Inventory:

Hand Weapons
 a - a +2 mace (weapon)
 d - a +0 dagger
 f - a +0 club
 g - a +0 club
 h - a +0 mace
 j - a +0 dagger
 k - a +0 club
 n - a +0 club
 q - a +0 short sword
 v - a +0 club
 w - a +0 club
 z - a +0 club
 C - a +0 dagger
 D - a +0 flail
 F - a +0 short sword of electrocution
 H - a +0 hunting sling
 I - a +0 club
Missiles
 e - 139 stones (quivered)
 r - 7 bolts
 x - a throwing net
 E - 44 sling bullets
Armour
 b - a +0 animal skin
 i - a +0 robe
 o - a cursed +0 robe
 p - a +0 leather armour
 s - a +0 scale mail
 y - a +0 pair of gloves (worn)
 G - a +0 leather armour
 J - a +1 chain mail (worn)
 K - a +0 ring mail
 L - a +0 pair of boots
 O - a +1 pair of boots (worn)
 P - a +2 cloak
 Q - a +0 ring mail
Wands
 u - a wand of acid (1)
Scrolls
 A - a scroll of immolation
 B - a scroll of identify
 M - a scroll of noise
 R - a scroll of fog
Potions
 l - a potion of lignification
 N - a potion of mutation {unknown}
Comestibles
 c - 6 rations


   Skills:
 + Level 6.8 Fighting
 + Level 10.1 Maces & Flails
 + Level 7.3 Armour
 + Level 3.2 Dodging
 + Level 0.5 Stealth
 + Level 0.3 Evocations


You had 7 spell levels left.
You didn't know any spells.
Your spell library was empty.

Dungeon Overview and Level Annotations

Branches:
Dungeon (7/15)             Temple (1/1) D:4

Altars:
Ashenzari
Dithmenos
Elyvilon
Fedhas
Gozag
Hepliaklqana
Kikubaaqudgha
Makhleb
Nemelex Xobeh
Okawaru
Qazlal
Ru
Sif Muna
Trog
Vehumet
Wu Jian
Xom
Yredelemnul
Zin
Lugonu

Annotations:
D:7 Pikel


Innate Abilities, Weirdness & Mutations

You reflexively headbutt those who attack you in melee.
You have a pair of horns on your head.


Message History

The leopard gecko barely misses you. You furiously retaliate!
You headbutt the leopard gecko, but do no damage.
The slave hits you but does no damage.
As you read the scroll of immolation, it crumbles to dust.
The creatures around you are filled with an inner flame!
The quasit barely misses you. The quasit closely misses you.
The quasit claws you but does no damage.
Pikel barely misses you.
The leopard gecko bites you but does no damage.
Unknown command.
Unknown command.
Aiming: Corrosive Bolt
Press: ? - help, Shift-Dir - straight line, f - quasit
Aim: a quasit (lightly wounded, inner flame)
The bolt of acid hits the quasit.
The quasit is splashed with acid.
The acid corrodes the quasit!
The quasit explodes!
The fiery explosion engulfs you!
Ouch! That really hurt!
You die...

###+## #....# #....#
#....# #....# #....#
####+#.p§.#
......§§@######
.......lK##...########
.........##..§........
........5...............
.#.#......#5.............
..........#....(.........
..........#.[............
..........#..............
..........####...........


You could see Pikel (inner flame), a slave (inner flame), a crimson imp (inner
flame) and a leopard gecko (inner flame).

Vanquished Creatures
  Eustachio (D:5)
  A hungry ghost (D:7)
  A water moccasin (D:6)
  2 ice beasts
  2 ogres
  A phantom (D:5)
  3 slaves (D:7)
  A necrophage (D:6)
  3 centaurs
  A bullfrog (D:6)
  A scorpion (D:5)
  A water moccasin skeleton (D:5)
  A crimson imp (D:3)
  A hound (D:5)
  A bullfrog zombie (D:7)
  An orc priest (D:7)
  A jelly (D:5)
  A gnoll shaman (D:4)
  A worker ant (D:6)
  An iguana (D:6)
  A howler monkey zombie (D:5)
  2 worker ant zombies
  3 adders
  5 gnolls
  A shadow imp (D:5)
  An ooze (D:2)
  3 worms
  3 leopard geckos
  11 orcs
  3 giant cockroaches
  5 hobgoblins
  4 quokkas
  A ball python (D:1)
  2 bats (D:2)
  4 frilled lizards
  8 goblins
  5 kobolds
  A quokka zombie (D:6)
  5 rats
  2 demonic plants (Temple)
96 creatures vanquished.

Notes
Turn   | Place    | Note
-------+----------+-------------------------------------------
     0 | D:1      | SlashClash the Minotaur Berserker began the quest for the
                  | Orb.
     0 | D:1      | Reached XP level 1. HP: 19/19 MP: 0/0
    15 | D:1      | Reached skill level 4 in Maces & Flails
    15 | D:1      | Reached XP level 2. HP: 16/27 MP: 1/1
   387 | D:1      | Reached XP level 3. HP: 30/33 MP: 2/2
   770 | D:2      | Found a deep blue altar of Sif Muna.
   770 | D:2      | Found an iron altar of Okawaru.
   802 | D:2      | Found a shattered altar of Ashenzari.
   821 | D:2      | Found a glowing silver altar of Zin.
   821 | D:2      | Found a blossoming altar of Fedhas.
   822 | D:2      | Found a stormy altar of Qazlal.
   965 | D:2      | Found a sacrificial altar of Ru.
  1150 | D:2      | Reached ** piety under Trog
  1214 | D:3      | Found an ornate altar of the Wu Jian Council.
  1222 | D:3      | Reached XP level 4. HP: 36/41 MP: 3/3
  1663 | D:3      | Reached skill level 5 in Maces & Flails
  2024 | D:4      | Found a staircase to the Ecumenical Temple.
  2062 | Temple   | Entered the Ecumenical Temple
  2278 | D:4      | Noticed a centaur
  2287 | D:4      | Killed a centaur
  2287 | D:4      | Reached skill level 5 in Fighting
  2287 | D:4      | Reached XP level 5. HP: 29/48 MP: 4/4
  2410 | D:4      | Reached skill level 6 in Maces & Flails
  2424 | D:4      | Reached XP level 6. HP: 12/56 MP: 5/5
  2505 | D:5      | Entered Level 5 of the Dungeon
  2913 | D:5      | Found a shadowy altar of Dithmenos.
  2923 | D:5      | Reached skill level 7 in Maces & Flails
  2929 | D:5      | Noticed an ice beast
  2948 | D:5      | Killed an ice beast
  2950 | D:5      | Found a radiant altar of Vehumet.
  2965 | D:5      | Reached XP level 7. HP: 29/61 MP: 6/6
  3017 | D:5      | Noticed Eustachio
  3060 | D:5      | Killed Eustachio
  3060 | D:5      | Reached skill level 8 in Maces & Flails
  3060 | D:5      | Reached skill level 5 in Armour
  3301 | D:5      | Found a shimmering altar of Xom.
  3504 | D:6      | Reached XP level 8. HP: 44/70 MP: 7/7
  3552 | D:6      | Reached skill level 9 in Maces & Flails
  3795 | D:6      | Found an opulent altar of Gozag.
  4184 | D:7      | Noticed Pikel
  4201 | D:7      | Reached skill level 10 in Maces & Flails
  4240 | D:7      | Paralysed by fainting for 7 turns
  4255 | D:7      | HP: 2/71 [Pikel/+0 whip of freezing (2)]
  4257 | D:7      | Killed from afar by a quasit

Vault maps used:
D:1:      roderic_octagonal_star, st_stairs_11, corexii_hall_statues_l
D:2:      tso_metal_star, chequers_temple_overflow_statue_of_worship,
          lemuel_round_altar, gammafunk_temple_overflow_statue, uniq_sigmund
D:3:      lemuel_crystal_altar, serial_co_window_serial, co_window_paths_a,
          co_window_paths_b, co_window_paths_a, co_window_paths_a,
          co_window_corner_a, co_window_2corner, co_window_unsneaky_path_e,
          co_window_unsneaky_path_e, co_window_2corner, glass_columns_a,
          glass_columns_a, glass_columns_c, first_ration, fedhas_altar_3
D:4:      minmay_temple_entry_mini_moons
D:5:      kennysheep_little_box, old_standard_altar, basic_altar,
          minmay_stone_trees_small, kennysheep_nub, uniq_eustachio
D:6:      marbit_many_paths, grunt_gozag_breadcrumbs
D:7:      dancing_weapons_uskayaw, uniq_pikel, uniq_joseph
Temple:   corrupted_temple

Skill      XL: |  1  2  3  4  5  6  7  8 |
---------------+-------------------------+-----
Fighting       | 4 5 6 |  6.8
Maces & Flails | 4 5 6 7 8 10 | 10.1
Armour         | 3 4 6 7 |  7.3
Dodging        | 3 |  3.2
Stealth        | |  0.5
Evocations     | |  0.3

Action                   |  1- 3 |  4- 6 |  7- 9 || total
-------------------------+-------+-------+-------++-------
Melee: Mace              |    67 |   119 |   116 ||   302
       Headbutt          |    10 |    31 |    23 ||    64
Invok: Berserk           |     1 |       |       ||     1
       Trog's Hand       |       |     3 |       ||     3
Evoke: Wand              |       |       |     5 ||     5
  Use: Scroll            |     5 |     7 |     7 ||    19
       Potion            |       |       |     3 ||     3
  Eat: Ration            |     1 |     2 |     1 ||     4
Armor: Animal skin       |     1 |       |       ||     1
       Scale mail        |    15 |    22 |       ||    37
       Chain mail        |       |    37 |   138 ||   175
Dodge: Dodged            |    26 |    52 |    95 ||   173

Table legend:
 A = Non-vault XP
 B = Vault XP
 C = Vault XP percentage of total XP
 D = Non-vault monster count
 E = Vault monster count
 F = Vault count percentage of total count
                 A         B        C        D         E       F
            +---------+---------+-------+---------+---------+-------
      Total |    2280 |     200 |   8.1 |      88 |       3 |   3.3
            +---------+---------+-------+---------+---------+-------
        D:1 |      38 |       4 |   9.5 |      16 |       2 |  11.1
        D:2 |      49 |       0 |   0.0 |      16 |       0 |   0.0
        D:3 |      64 |       0 |   0.0 |       7 |       0 |   0.0
        D:4 |     226 |       0 |   0.0 |      13 |       0 |   0.0
        D:5 |     771 |     196 |  20.3 |      15 |       1 |   6.2
        D:6 |     735 |       0 |   0.0 |      13 |       0 |   0.0
        D:7 |     397 |       0 |   0.0 |       8 |       0 |   0.0
            +---------+---------+-------+---------+---------+-------
